 Dungeon Crawl Stone Soup version 0.30.1-3-gfc49f6343a (webtiles) character file.

Game seed: 10922253342036708914

9334 croobank the Covert (level 11, 0/75 HPs)
             Began as an Octopode Delver on July 22, 2023.
             Was an Initiate of Gozag.
             Engulfed by a cloud of flame (10 damage)
             ... on level 10 of the Dungeon.
             The game lasted 00:53:47 (11422 turns).

croobank the Covert (Octopode Delver)              Turns: 11422, Time: 00:53:48

Health: 0/75       AC:  1    Str: 19    XL:     11   Next: 44%
Magic:  28/28      EV: 15    Int: 16    God:    Gozag
Gold:   1086       SH:  0    Dex: 13    Spells: 20/21 levels left

rFire   + + .        a - +4 scimitar
rCold   x x .        (no shield)
rNeg    . . .        (helmet restricted)
rPois   .            (no amulet)
rElec   .            o - +6 ring of strength
rCorr   .            A - ring of see invisible
SInv    +            i - ring of fire
Will    .....        B - ring of magical power
Stlth   ++++++       q - ring of fire
HPRegen 0.32/turn    (no ring)
MPRegen 0.21/turn    (no ring)
                     (no ring)

%: no passive effects
@: lethally poisoned (0 -> -3), gold aura, studying Shields
A: almost no armour, amphibious, 8 rings, camouflage 1, gelatinous body 1,
(nimble swimmer 1), tentacles
a: Renounce Religion, Potion Petition, Call Merchant, Bribe Branch


You were on level 10 of the Dungeon.
You worshipped Gozag.
Gozag was most pleased with you.
You visited 2 branches of the dungeon, and saw 11 of its levels.
You also visited: Bailey.

You collected 1202 gold pieces.
You paid 116 gold pieces to Gozag.

Inventory:

Hand Weapons
 a - a +4 scimitar (weapon)
 b - the +6 arbalest "Damnation" {damnation}
   (You found it on level 6 of the Dungeon)
 u - a +0 heavy spear
 y - a +0 dagger of speed
 C - a +0 broad axe
 E - a +1 flail of protection
 H - a +0 long sword
 I - a +2 heavy war axe
 J - a +0 heavy triple sword
 K - a +2 short sword of venom
 L - a +0 scimitar of holy wrath
Missiles
 d - 2 curare-tipped darts
 m - 2 throwing nets (quivered)
 v - a boomerang of dispersal
 x - 3 poisoned darts
 M - 6 javelins
Jewellery
 i - a ring of fire (on tentacle)
 o - a +6 ring of strength (left tentacle)
 q - a ring of fire (on tentacle)
 A - a ring of see invisible (right tentacle)
 B - a ring of magical power (on tentacle)
 N - a ring of ice
Wands
 f - a wand of digging (3)
 z - a wand of iceblast (7)
Scrolls
 c - 2 scrolls of magic mapping
 h - 4 scrolls of fog
 j - 3 scrolls of teleportation
 l - 2 scrolls of noise
 p - a scroll of amnesia
 r - 3 scrolls of enchant armour
 t - 3 scrolls of immolation
 w - 2 scrolls of torment
 D - a scroll of silence
Potions
 g - a potion of curing
 k - 2 potions of flight
 n - 3 potions of brilliance
 s - 2 potions of mutation
 F - a potion of attraction
 G - a potion of magic


   Skills:
 + Level 7.1 Fighting
 + Level 6.8 Short Blades
 * Level 7.5 Ranged Weapons
 + Level 6.7 Dodging
 + Level 11.3 Stealth
 + Level 4.0 Shields
 + Level 5.5 Spellcasting
 + Level 6.1 Translocations


You had 20 spell levels left.
You knew the following spells:

 Your Spells              Type           Power      Damage    Failure   Level
a - Apportation           Tloc           48%        N/A       1%          1

Your spell library contained the following spells:

 Spells                   Type           Power      Damage    Failure   Level
 Lesser Beckoning         Tloc           48%        N/A       1%          2
 Gell's Gravitas          Tloc           24%        N/A       3%          3
 Teleport Other           Tloc           24%        N/A       3%          3
 Portal Projectile        Hex/Tloc       28%        N/A       12%         3
 Magic Dart               Conj           16%        1d3       14%         1
 Searing Ray              Conj           8%         2d4       22%         2
 Call Canine Familiar     Summ           4%         N/A       41%         3
 Fulminant Prism          Conj/Hex       2%         3d5       82%         4
 Leda's Liquefaction      Hex/Erth       2%         N/A       82%         4
 Olgreb's Toxic Radiance  Pois           4%         N/A       82%         4
 Alistair's Intoxication  Tmut/Pois      2%         N/A       99%         5
 Discord                  Hex            2%         N/A       100%        8
 Ignition                 Fire           4%         3d4       100%        8


Dungeon Overview and Level Annotations

Branches:
Dungeon (10/15)            Temple (1/1) D:4             Orc (0/2) D:9
 Bailey (visited)
   Lair: D:8-11

Altars:
Ashenzari
Cheibriados
Dithmenos
Elyvilon
Fedhas
Gozag
Hepliaklqana
Kikubaaqudgha
Makhleb
Nemelex Xobeh
Okawaru
Qazlal
Ru
Sif Muna
Trog
Uskayaw
Vehumet
Wu Jian
Xom
Yredelemnul
Zin
The Shining One

Shops:
D:2 [

Annotations:
D:9 2 transporters, suzumiya's ghost, novice GrEE


Innate Abilities, Weirdness & Mutations

You cannot wear most types of armour.
You are amphibious.
You can wear up to eight rings at the same time.
Your skin changes colour to match your surroundings (Stealth+).
Your rubbery body absorbs attacks. (AC +1, EV +1)
((You are camouflaged when in or above water. (Stealth+)))
You have tentacles for arms and can constrict up to eight enemies at once.


Message History

You are poisoned.
The killer bee poisons you! The killer bee closely misses you.
The killer bee stings you! The killer bee barely misses you.
You feel more attuned to fire.
q - a ring of fire (on tentacle)
You feel sick. The killer bee stings you. The killer bee stings you!
Okay, then.
The killer bee attacks as you move away!
The killer bee closely misses you.
The killer bee attacks as you move away!
The killer bee stings you but does no damage.
You feel sick. The killer bee misses you.
You barely miss the killer bee. You grab the killer bee.
You squeeze the killer bee, but do no damage.
You constrict the killer bee.
Flame seeps out of the killer bee.
You feel sick.
The killer bee is engulfed in blazing flames.
Flame seeps out of the killer bee.
The killer bee struggles to escape constriction.
The killer bee is engulfed in blazing flames.
Flame seeps out of the killer bee.
The killer bee closely misses you.
You slash the killer bee!
The killer bee explodes!
The fiery explosion engulfs you! You resist.
* * * LOW HITPOINT WARNING * * *
You feel a bit more experienced.
The fiery explosion engulfs the killer bee!! x2
The killer bee explodes!
The fiery explosion engulfs the killer bee!!
The fiery explosion engulfs the orc!
The fiery explosion engulfs the orc!!
The fiery explosion engulfs the orc wizard!!
The orc wizard explodes!
You feel a bit more experienced.
You hear an explosion!
The orc explodes! x2; The killer bee explodes! x2
You hear an explosion!
You feel a bit more experienced. x2
You hear an explosion! x2
You are engulfed in blazing flames.
You resist.
You die...
Your body crumbles into a pile of gold.

.....#+#######+###
.....#............
.....'............
.....#............
.....#####..########
#........#..####$..#
#.[......#.......$$+
#........#......$..#
#........#..>...@§§#
#........##...###°##
.....######...#.y§§§.....
.....#........#..§§§§§...
.....#........#..§§§§....
.....'........#..........
.....#...###+##..........
.....##### .....#####$
.....'...# ......#


There were no monsters in sight!

Vanquished Creatures
  3 two-headed ogres
  Urug (D:10)
  An orc knight (Bailey)
  Pikel (D:8)
  Maggie (D:7)
  Prince Ribbit (D:8)
  Sigmund (D:4)
  A shadow (D:10)
  6 yaks (D:9)
  A steam dragon (D:9)
  Menkaure (D:7)
  An acid dragon (D:10)
  A water moccasin (D:8)
  A black bear (D:6)
  13 orc warriors
  2 centaurs
  A phantom (D:7)
  2 kobold brigands
  3 bullfrogs
  A scorpion (D:6)
  8 wights
  12 killer bees
  5 howler monkeys
  An electric eel (D:9)
  A crimson imp (D:9)
  3 jellies
  A gnoll bouda (D:5)
  6 orc priests
  7 hounds
  2 iguanas
  9 orc wizards
  8 gnolls
  10 adders
  A shadow imp (D:8)
  An ufetubus (D:7)
  2 worms (D:4)
  2 dart slugs
  48 orcs
  6 ball pythons
  4 bats
  10 endoplasms
  2 giant cockroaches
  5 hobgoblins
  3 jackals (D:1)
  3 quokkas
  7 frilled lizards
  9 goblins
  12 kobolds
  4 rats
235 creatures vanquished.

Vanquished Creatures (collateral kills)
  A bullfrog (D:7)
  3 killer bees (D:7)
  An orc (D:7)
5 creatures vanquished.

Vanquished Creatures (others)
  A sky beast (D:7)
1 creature vanquished.

Grand Total: 241 creatures vanquished

Notes
Turn   | Place    | Note
-------+----------+-------------------------------------------
     0 | D:5      | croobank the Octopode Delver began the quest for the Orb.
     0 | D:5      | Reached XP level 1. HP: 16/16 MP: 1/1
     7 | D:6      | Noticed a black bear
    30 | D:5      | Noticed a gnoll bouda
    87 | D:4      | Found a white marble altar of Elyvilon.
   170 | D:4      | Noticed Sigmund
   220 | D:4      | Reached XP level 2. HP: 8/21 MP: 2/2
   382 | D:2      | Found Wuipy's Armour Shop.
   523 | D:2      | Reached XP level 3. HP: 26/26 MP: 3/3
   539 | D:2      | Learned a level 1 spell: Apportation
   763 | D:1      | Reached skill level 7 in Stealth
  1065 | D:1      | Reached XP level 4. HP: 31/31 MP: 4/4
  1434 | D:3      | Found a faded altar of an unknown god.
  1553 | D:3      | Reached skill level 1 in Translocations
  1637 | D:3      | Identified a scroll of acquirement
  1690 | D:3      | Reached skill level 1 in Spellcasting
  1690 | D:3      | Reached XP level 5. HP: 25/36 MP: 6/6
  1985 | D:3      | Identified the +3 ring mail of Lilacs {Str+3 Int+3}
  2181 | D:3      | Reached XP level 6. HP: 43/43 MP: 8/8
  2862 | D:4      | Found a staircase to the Ecumenical Temple.
  2872 | Temple   | Entered the Ecumenical Temple
  2872 | Temple   | Found a transporter.
  2872 | Temple   | Found a transporter.
  2874 | Temple   | Found a transporter.
  2874 | Temple   | Found a transporter.
  3271 | D:5      | Reached XP level 7. HP: 48/48 MP: 8/10
  3781 | D:5      | Reached skill level 8 in Stealth
  4833 | D:6      | Reached XP level 8. HP: 49/54 MP: 12/12
  4890 | D:6      | Found the +6 arbalest "Damnation" {damnation}
  4974 | D:6      | Reached skill level 1 in Ranged Weapons
  5288 | D:6      | Reached skill level 5 in Fighting
  6226 | D:4      | Killed Sigmund
  6257 | D:4      | Reached skill level 9 in Stealth
  6529 | D:7      | Noticed Menkaure
  6531 | D:7      | Killed Menkaure
  6598 | D:7      | Found a hide-covered altar of Uskayaw.
  6613 | D:7      | Reached XP level 9. HP: 43/61 MP: 14/14
  6630 | D:7      | Reached skill level 5 in Short Blades
  6632 | D:7      | Noticed Maggie
  6651 | D:7      | Killed Maggie
  6652 | D:7      | Reached skill level 5 in Dodging
  7235 | D:7      | Found a blossoming altar of Fedhas.
  7240 | D:7      | Found a shimmering blue altar of Sif Muna.
  7309 | D:7      | Found an opulent altar of Gozag.
  7319 | D:7      | Became a worshipper of Gozag Ym Sagoz the Greedy
  7473 | D:8      | Noticed Prince Ribbit
  7949 | D:8      | Killed Prince Ribbit
  8003 | D:8      | Noticed Pikel
  8012 | D:8      | Killed Pikel
  8013 | D:8      | Reached skill level 5 in Ranged Weapons
  8013 | D:8      | Reached skill level 10 in Stealth
  8013 | D:8      | Reached XP level 10. HP: 38/68 MP: 16/16
  8468 | D:8      | Found a basalt altar of Yredelemnul.
  8470 | D:8      | Noticed a profane servitor
  8493 | D:8      | Found a glowing golden altar of the Shining One.
  8495 | D:8      | Noticed an angel
  8776 | D:9      | Found a flagged portal.
  8790 | D:9      | Reached skill level 5 in Translocations
  8817 | Bailey   | Entered a bailey
  9527 | Bailey   | Noticed an orc knight
  9530 | Bailey   | Killed an orc knight
  9901 | D:9      | Found a transporter.
  9905 | D:9      | Noticed suzumiya's ghost (novice GrEE)
  9905 | D:9      | Noticed a moth of wrath
  9920 | D:9      | Found a transporter.
 10020 | D:9      | Noticed a two-headed ogre
 10023 | D:9      | Killed a two-headed ogre
 10024 | D:9      | Reached skill level 1 in Shields
 10032 | D:9      | Reached skill level 5 in Spellcasting
 10044 | D:9      | Reached XP level 11. HP: 27/74 MP: 18/18
 10425 | D:9      | Found a shimmering altar of Xom.
 10425 | D:9      | Found a burning altar of Makhleb.
 10482 | D:9      | Reached skill level 11 in Stealth
 10740 | D:9      | Found a staircase to the Orcish Mines.
 10791 | D:10     | Entered Level 10 of the Dungeon
 10956 | D:10     | Noticed a two-headed ogre
 10958 | D:10     | Noticed a two-headed ogre
 10968 | D:10     | Killed a two-headed ogre
 10980 | D:10     | Killed a two-headed ogre
 11163 | D:10     | Noticed Urug
 11167 | D:10     | Killed Urug
 11415 | D:10     | Acquired 945 gold pieces
 11422 | D:10     | Engulfed by a cloud of flame

Illustrated notes

Levels and vault maps discovered:
D:1:      heliophobic_arrival_henge, layout_rooms
D:2:      cheibrodos_old_hovel, layout_rooms, serial_shops, shop
D:3:      layout_loops_ring, basic_ecumenical_altar, st_stairs_11,
          minmay_crystal_water, minmay_misc_feat_tower
D:4:      layout_gridville, mainiacjoe_overflow_alcove_4,
          minmay_temple_entry_glass, uniq_sigmund
D:5:      layout_loops_corners
D:6:      layout_layer_cave, minmay_misc_feat_hallway,
          kennysheep_decorative_pillar, bh_walls_and_bars
D:7:      layout_rooms, nicolae_overflow_crystal_walls,
          nicolae_uskayaw_murder_on_the_dancefloor,
          amethyst_overflow_temple_binary, grunt_decor_resistance,
          uniq_menkaure, uniq_maggie
D:8:      layout_basic, grunt_temple_overflow_holy_war, uniq_prince_ribbit1,
          uniq_pikel
D:9:      layout_gridville, grunt_temple_overflow_champion_of_chaos,
          david_orc_4, gammafunk_ghost_berserking_beasts, enter_bailey_5,
          minmay_misc_feat_four_crosses, nicolae_water_bricks,
          nicolae_two_hexagons
D:10:     layout_gridville, uniq_urug
Temple:   hellmonk_temple_divided_pantheon

Skill      XL: |  1  2  3  4  5  6  7  8  9 10 11 |
---------------+----------------------------------+-----
Stealth        | 7 8 9 10 11 | 11.3
Translocations | 1 2 3 4 5 6 |  6.1
Spellcasting   | 1 2 3 4 5 |  5.5
Short Blades   | 3 4 5 6 |  6.8
Dodging        | 3 4 5 6 |  6.7
Fighting       | 4 5 6 7 |  7.1
Ranged Weapons | 3 5 6 7 |  7.5
Shields        | 2 4 |  4.0

Action                     |  1- 3 |  4- 6 |  7- 9 | 10-12 || total
---------------------------+-------+-------+-------+-------++-------
  Melee: Short sword       |    67 |    69 |       |       ||   136
         Tentacles         |    10 |    24 |    17 |    13 ||    64
         Constrict         |    13 |    21 |    21 |     9 ||    64
         Punch             |     1 |     3 |     1 |     3 ||     8
         Dagger            |       |    59 |    32 |       ||    91
         Flail             |       |       |    29 |       ||    29
         Scimitar          |       |       |    32 |    41 ||    73
   Fire: Arbalest          |       |       |    62 |    88 ||   150
  Throw: Dart              |       |     2 |     2 |     6 ||    10
         Throwing net      |       |       |       |     1 ||     1
   Cast: Apportation       |     5 |       |       |     1 ||     6
    Use: Scroll            |     3 |       |     8 |    14 ||    25
         Potion            |     1 |     2 |     7 |     2 ||    12
   Stab: Sleeping          |    17 |    13 |     3 |       ||    33
         Distracted        |     1 |       |       |       ||     1
         Held in net/web   |       |       |       |     1 ||     1
 Armour: Skin              |     4 |     4 |    18 |     2 ||    28
  Dodge: Dodged            |    28 |    60 |    89 |    52 ||   229
